 Dungeon Crawl Stone Soup version 0.26-a0-1126-g3318b609a0 (webtiles) character file.

Game seed: 6856168715993072128

42 vvl the Skirmisher (level 3, -4/29 HPs)
             Began as a Human Monk on Dec 17, 2020.
             Slain by Natasha (5 damage)
             ... on level 2 of the Dungeon.
             The game lasted 00:02:36 (667 turns).

vvl the Skirmisher (Human Monk)                      Turns: 667, Time: 00:02:37

Health: -4/29      AC:  6    Str: 12    XL:     3   Next: 77%
Magic:  3/3        EV:  6    Int: 10    God:
Gold:   30         SH:  0    Dex: 15    Spells: 2/2 levels left

rFire    . . .     SeeInvis .   a - +0 spear
rCold    . . .     Faith    .   (no shield)
rNeg     . . .     Spirit   .   c - -2 chain mail (curse)
rPois    .         Reflect  .   (no helmet)
rElec    .         Harm     .   (no cloak)
rCorr    .         Rampage  .   (no gloves)
Will     .....                  (no boots)
Stlth    ..........             (no amulet)
HPRegen  0.09/turn              (no ring)
MPRegen  0.08/turn              (no ring)

@: slowed, very slow
A: no striking features
a: no special abilities


You were on level 2 of the Dungeon.
You visited 1 branch of the dungeon, and saw 2 of its levels.

You collected 30 gold pieces.

Inventory:

Hand Weapons
 a - a +0 spear (weapon)
Armour
 c - a cursed -2 chain mail (worn)
Scrolls
 d - a scroll of remove curse {unknown}
 f - a scroll of noise {unknown}
Potions
 b - a potion of berserk rage {unknown}
 e - a potion of magic {unknown}


   Skills:
 + Level 3.5 Fighting
 - Level 3.2 Polearms
 + Level 0.6 Armour
 + Level 3.4 Dodging
 - Level 2.2 Stealth


You had 2 spell levels left.
You didn't know any spells.
Your spell library was empty.

Dungeon Overview and Level Annotations

Branches:
Dungeon (1/15)

Altars:

Annotations:
D:2 Natasha


Message History

You kill the giant cockroach!
The white imp disappears in a puff of smoke!
Natasha claws you.
* * * LOW HITPOINT WARNING * * *
Your chain mail prevents you from hitting Natasha.
Natasha claws you but does no damage.
Natasha casts a spell.
The crimson imp blinks!
You hit Natasha.
Natasha is lightly wounded.
Natasha claws you.
* * * LOW HITPOINT WARNING * * *
Natasha stares at you and mumbles some strange words.
The magic dart hits you.
* * * LOW HITPOINT WARNING * * *
You hit Natasha.
Natasha is lightly wounded.
The frilled lizard bites you but does no damage.
Natasha claws you.
You die...

#.. ......... #..#
...b.....#
####..####. .......#.
#......... ....b....
#........# #........
#........# #........
#........####...$....
#........@h##........
#.......##lbg5.......
#.......#####......(.
#...##### #.#..$...
#...# #.#.##### #...#
#...# ##)## ##. #
#..# ..
##.###############


You could see Natasha, a crimson imp (summoned), a goblin, a bat and a frilled
lizard.

Vanquished Creatures
  2 adders (D:2)
  2 dart slugs
  2 bats (D:1)
  A giant cockroach (D:2)
  3 goblins
  A hobgoblin (D:2)
  2 quokkas (D:2)
  3 frilled lizards
  6 rats (D:1)
22 creatures vanquished.

Notes
Turn   | Place    | Note
-------+----------+-------------------------------------------
     0 | D:1      | vvl the Human Monk began the quest for the Orb.
     0 | D:1      | Reached XP level 1. HP: 18/18 MP: 1/1
   218 | D:1      | Reached XP level 2. HP: 17/24 MP: 2/2
   378 | D:1      | You fall into a shaft and drop 1 floor!
   387 | D:2      | Reached XP level 3. HP: 24/29 MP: 3/3
   646 | D:2      | Noticed Natasha
   666 | D:2      | HP: 1/29 [Natasha/magic dart (5)]
   667 | D:2      | Slain by Natasha

Illustrated notes

Levels and vault maps discovered:
D:1:      lightli_arrival_lavapool, layout_basic
D:2:      layout_rooms, lemuel_zombie_altar_yredelemnul, xom_butterflies,
          lemuel_round_altar, chequers_ecumenical_altar_twisty,
          grunt_ministairs_7, kennysheep_path_1, uniq_natasha

Action                   || total
-------------------------++-------
Melee: Spear             ||    93
Armor: Chain mail        ||    69
Dodge: Dodged            ||    41

Table legend: (Time is in decaauts)
 A = Elapsed time spent in this place.
 B = Non-inter-level travel time spent in this place.
 C = Inter-level travel time spent in this place.
 D = Time resting spent in this place.
 E = Time spent auto-exploring this place.
 F = Levels seen in this place.
 G = Mean time per level.
                   A        B        C        D        E       F      G
               +--------+--------+--------+--------+--------+-----+--------+
         Total |    667 |    660 |      7 |      0 |    510 |   2 |  333.5 |
       Dungeon |    667 |    660 |      7 |      0 |    510 |   2 |  333.5 |
               +--------+--------+--------+--------+--------+-----+--------+

Top non-repeatable levels by time:
     D:1: 375 daAuts
     D:2: 291 daAuts
